 Dungeon Crawl Stone Soup version 0.20.1-1-g8b1a95d (webtiles) character file.

30650 OneorTwo the Bludgeoner (level 13, -13/201 HPs)
             Began as a Minotaur Berserker on July 27, 2017.
             Was an Elder of Trog.
             Mangled by Frances
             ... wielding a +4 trident of protection
              (16 damage)
             ... on level 1 of the Swamp.
             The game lasted 02:32:24 (16573 turns).

OneorTwo the Bludgeoner (Minotaur Berserker)       Turns: 16573, Time: 02:32:39

Health: -13/201    AC: 29    Str: 25    XL:     13   Next: 21%
Magic:  13/13      EV:  2    Int: -1 (2) God:    Trog [****..]
Gold:   1156       SH: 12    Dex: 14    Spells: 12/12 levels left

rFire    . . .     SeeInvis .   V - +2 eveningstar (holy)
rCold    . . .     Gourm    .   s - +2 shield
rNeg     + + +     Faith    +   (armour currently unavailable)
rPois    +         Spirit   .   (helmet unavailable)
rElec    .         Reflect  .   (cloak currently unavailable)
rCorr    .         Harm     .   (gloves currently unavailable)
MR       +++..     NoTele   +   (boots currently unavailable)
Stlth    +.........             I - amulet of faith
Regen    1.5/turn               M - ring of protection from magic
MPRegen  0.2/turn               w - +3 ring of protection

@: tree-form, regenerating, slowed, lost intelligence, very slow
A: (retaliatory headbutt), repulsion field 1, agile 1, blurry vision 1, dopey 1,
robust 1
a: Berserk, Trog's Hand, Brothers in Arms, Burn Spellbooks, Renounce Religion


You were on level 1 of the Swamp.
You worshipped Trog.
Trog was greatly pleased with you.
You were hungry.
You were a tree.
You visited 3 branches of the dungeon, and saw 15 of its levels.
You also visited: Sewer and Volcano.

You collected 1156 gold pieces.

Inventory:

Hand Weapons
 d - a +2 great mace of protection
 G - the +10 hunting sling "Vira" {venom, rC+}
   (You found it on level 3 of the Lair of Beasts)

   It poisons the ammo it fires.
   It protects you from cold.
 V - a +2 eveningstar of holy wrath (weapon)
 W - a +2 glaive of flaming
 Z - a +0 antimagic eveningstar
Missiles
 h - 271 stones
 t - 7 javelins (quivered)
 x - 2 curare-tipped needles
 z - 7 steel javelins
 J - a throwing net
 K - 15 poisoned needles
Armour
 r - a +5 plate armour of fire resistance (melded)
 s - a +2 shield (worn)
 y - a +0 pair of boots (melded)
 E - a +0 cloak (melded)
Jewellery
 w - a +3 ring of protection (right branch)
 I - an amulet of faith (around neck)
 M - a ring of protection from magic (left branch)
Wands
 k - a wand of clouds (0/9)
 m - a wand of paralysis (5/24)
 p - a wand of scattershot (9/9)
 q - a wand of lightning (7/15)
 D - a wand of digging (16/24)
 H - a wand of flame (27/48)
 N - a wand of random effects (21/48)
 U - a wand of flame (17/48)
Scrolls
 a - 8 scrolls of remove curse
 e - a scroll of recharging
 o - 2 scrolls of blinking
 u - 3 scrolls of enchant weapon
 v - 2 scrolls of amnesia
 A - 4 scrolls of fog
 P - a scroll of fear
 T - 4 scrolls of teleportation
Potions
 b - a potion of haste
 f - a potion of berserk rage
 j - 6 potions of curing
 n - 3 potions of lignification
 B - 2 potions of might
 F - 2 potions of flight
 L - a potion of mutation
 S - a potion of ambrosia
Books
 R - a book of Callings

   Spells                             Type                      Level
   a - Summon Small Mammal            Summoning                    1
   b - Call Imp                       Summoning                    2
   c - Call Canine Familiar           Summoning                    3
   d - Summon Guardian Golem          Hexes/Summoning              3
   e - Summon Lightning Spire         Summoning/Air                4
   f - Summon Ice Beast               Ice/Summoning                4
   Trog disapproves of the use of such an item.
Miscellaneous
 O - a lamp of fire (inert)
 Y - a lightning rod (3/4)
Comestibles
 c - 5 bread rations
 g - 4 meat rations
 i - 27 fruits
 l - 5 royal jellies
 Q - 22 chunks of flesh


   Skills:
 * Level 13.2 Fighting
 + Level 16.5 Maces & Flails
 + Level 0.9(2.2) Slings
 + Level 2.9(3.0) Throwing
 + Level 12.4 Armour
 * Level 8.4 Dodging
 + Level 3.7 Shields
 + Level 1.5 Evocations


You had 12 spell levels left.
You didn't know any spells.

Dungeon Overview and Level Annotations

Branches:
Dungeon (11/15)            Temple (0/1) D:5            Lair (3/6) D:9
  Swamp (1/4) Lair:3        Snake (0/4) Lair:2          Orc (0/2) D:11

Altars:
Ashenzari
Dithmenos
Okawaru
Qazlal
Sif Muna
Vehumet
Xom

Shops:
D:5 [   D:7 %

Annotations:
Swamp:1 Frances


Innate Abilities, Weirdness & Mutations

((You reflexively headbutt those who attack you in melee.))
((You have a pair of large horns on your head.))
((You have sharp toenails.))
You are surrounded by a mild repulsion field. (EV +2)
You are agile. (Dex +2)
Scrolls take you a little longer to read.
You are dopey. (Int -2)
You are robust. (+10% HP)


Message History

You are engulfed in flames!
* * * LOW HITPOINT WARNING * * *
The red devil hits you but does no damage.
You block Frances's attack. The neqoxec hits you.
* * * LOW HITPOINT WARNING * * *
Okay, then.
Evoke which item? (* to show all) (? for menu, Esc to quit)
Okay, then.
There are monsters nearby!
That item cannot be evoked!
Aiming: Random Effects (will waste charges)
Press: ? - help, Shift-Dir - straight line, f/p - Frances
Aim: Frances, wielding a trident of protection and wearing a glowing ring mail (noxious fumes, fast)
The sun demon resists with almost no effort.
Evoking this partially-identified wand wasted a few charges.
Your skill with magical items lets you calculate the power of this device...
This wand has 21 charges left.
The red devil disappears in a puff of smoke!
Frances hits you from afar with a trident of protection!
You die...

*♣≈≈..≈≈≈.,,≈≈,*
*≈≈...≈≈≈.≈,≈≈,*
♣♣♣♣..≈.(..♣,≈≈≈,*
♣..§.≈≈...♣*,,≈≈,*
♣≈..§§§.≈♣♣**,,,≈*
*♣5§§§§...♣♣***♣♣♣
♣5@(§v≈≈.≈♣ ♣♣♣≈≈
♣♣3§§§≈≈≈≈.♣♣♣÷...
♣♣3§≈≈≈≈≈≈≈..≈≈..)
♣♣≈≈.%..≈≈≈..♣♣♣♣.
*♣≈♣♣≈...≈.≈≈≈...≈♣
♣.......≈≈≈≈..≈≈≈.♣
♣.≈≈≈..≈≈≈...≈≈≈≈.♣
♣≈≈≈≈.≈≈≈≈.≈≈≈≈≈≈.♣
♣.≈≈≈≈≈≈.≈≈≈.≈≈≈.♣♣
♣.≈≈≈≈≈≈≈≈≈≈.♣♣♣♣♣
♣♣§.≈≈≈≈≈≈≈≈.♣


You could see Frances, a sun demon, a neqoxec, an insubstantial wisp and 2
quasits.

Vanquished Creatures
  The ghost of ANON1729 the Cleaver, a journeyman MiBe of Trog (D:10)
  A hydra (Lair:2)
  3 two-headed ogres
  Urug (Lair:2)
  The ghost of BakaWarrior999 the Protected, a novice MiFi of Makhleb (D:8)
  2 skeletal warriors (Volcano)
  4 anaconda skeletons (Volcano)
  2 oklob plants (Lair:2)
  A guardian serpent (Lair:2)
  A black mamba (Lair:2)
  5 gargoyles (Volcano)
  7 komodo dragons
  3 spiny frogs
  A troll (D:10)
  A tyrant leech (Swamp:1)
  13 blink frogs
  A hornet (D:8)
  A bog body (Swamp:1)
  A hippogriff (D:10)
  2 alligator skeletons (Volcano)
  3 flying skulls (Volcano)
  A shadow (D:10)
  A vampire (D:9)
  12 yaks
  Grum (D:8)
  4 hungry ghosts
  A steam dragon (D:9)
  3 vampire mosquitoes (D:10)
  2 insubstantial wisps (Swamp:1)
  2 hell hounds (Lair:1)
  4 water moccasins
  11 porcupines
  Duvessa (D:7)
  6 orc warriors
  13 ogres
  2 phantoms
  A hornet zombie (D:9)
  4 black bears
  A sky beast (D:10)
  A necrophage (D:11)
  3 centaurs
  3 wolves (D:8)
  An eye of draining (D:11)
  7 crocodiles
  3 big kobolds
  11 bullfrogs
  A gnoll sergeant (D:11)
  Dowan (D:7)
  2 scorpions
  A water moccasin skeleton (D:9)
  12 killer bees
  A howler monkey (D:6)
  An electric eel (Lair:3)
  3 centaur zombies
  10 crimson imps
  2 lava snakes (D:11)
  10 orc wizards
  A gnoll shaman (D:6)
  8 orc priests
  A centaur skeleton (D:9)
  6 hounds
  7 jellies
  3 bullfrog skeletons
  5 iguanas
  Ijyb (D:3)
  9 worker ants
  5 naga skeletons (Volcano)
  2 hound skeletons
  3 worker ant zombies (D:5)
  6 gnolls
  9 adders
  3 river rats (Sewer)
  4 shadow imps (D:5)
  An adder skeleton (D:8)
  4 worms
  2 dart slugs
  39 orcs
  4 giant cockroaches
  7 goblins
  8 hobgoblins
  12 jackals
  6 quokkas
  6 bats
  4 frilled lizards
  12 kobolds
  A leopard gecko skeleton (D:4)
  A quokka skeleton (D:5)
  7 rats
  A fungus (Lair:2)
  5 plants
391 creatures vanquished.

Vanquished Creatures (collateral kills)
  A hydra (Lair:2)
  A troll (D:11)
  3 ogres (D:11)
  A gnoll sergeant (D:11)
  2 orcs (D:11)
8 creatures vanquished.

Vanquished Creatures (others)
  A quokka (D:5)
  5 fungi
  2 plants (Lair:3)
8 creatures vanquished.

Grand Total: 407 creatures vanquished

Notes
Turn   | Place    | Note
-------+----------+-------------------------------------------
     0 | D:1      | OneorTwo the Minotaur Berserker began the quest for the Orb.
     0 | D:1      | Reached XP level 1. HP: 19/19 MP: 0/0
   413 | D:1      | Reached skill level 4 in Maces & Flails
   414 | D:1      | Reached XP level 2. HP: 27/27 MP: 1/1
  1267 | D:2      | Reached XP level 3. HP: 30/33 MP: 2/2
  1385 | D:2      | Reached ** piety under Trog
  2161 | D:3      | Noticed Ijyb
  2218 | D:3      | Killed Ijyb
  2218 | D:3      | Reached skill level 5 in Maces & Flails
  2218 | D:3      | Reached XP level 4. HP: 38/41 MP: 3/3
  2917 | D:3      | Reached skill level 5 in Fighting
  3321 | D:3      | Reached XP level 5. HP: 10/48 MP: 4/4
  3612 | D:4      | Reached skill level 6 in Maces & Flails
  3661 | D:4      | Found a stormy altar of Qazlal.
  3815 | D:4      | Noticed a centaur
  3832 | D:4      | Killed a centaur
  3832 | D:4      | Reached XP level 6. HP: 31/57 MP: 5/5
  3985 | D:4      | Gained mutation: You are occasionally teleported next to monsters. [potion of mutation]
  3985 | D:4      | Gained mutation: You passively map a small area around you. [potion of mutation]
  4051 | D:4      | Lost mutation: You are occasionally teleported next to monsters. [potion of mutation]
  4051 | D:4      | Lost mutation: You passively map a small area around you. [potion of mutation]
  4051 | D:4      | Gained mutation: You tend to lose your temper in combat. [potion of mutation]
  4051 | D:4      | Gained mutation: Scrolls take you a little longer to read. [potion of mutation]
  4051 | D:4      | Gained mutation: You often lose your temper in combat. [potion of mutation]
  4051 | D:4      | Gained mutation: You have a pair of large horns on your head. [potion of mutation]
  4052 | D:4      | Lost mutation: You often lose your temper in combat. [potion of mutation]
  4052 | D:4      | Lost mutation: You tend to lose your temper in combat. [potion of mutation]
  4052 | D:4      | Gained mutation: You have sharp toenails. [potion of mutation]
  4109 | D:4      | Reached skill level 7 in Maces & Flails
  4372 | D:5      | Entered Level 5 of the Dungeon
  4386 | D:5      | Reached XP level 7. HP: 37/64 MP: 6/6
  4557 | D:5      | Reached skill level 8 in Maces & Flails
  4843 | D:5      | Found a staircase to the Ecumenical Temple.
  4982 | D:5      | Reached skill level 9 in Maces & Flails
  5204 | D:5      | Reached XP level 8. HP: 54/73 MP: 7/7
  5429 | D:5      | Reached skill level 10 in Maces & Flails
  5449 | D:5      | Found Xajygg's Antique Armour Shoppe.
  5815 | D:6      | Found a glowing drain.
  5839 | Sewer    | Entered a sewer
  5849 | Sewer    | Reached *** piety under Trog
  5974 | Sewer    | Found a white marble altar of Elyvilon.
  6280 | D:6      | Reached skill level 11 in Maces & Flails
  6573 | D:6      | Found a radiant altar of Vehumet.
  6573 | D:6      | Found a shadowy altar of Dithmenos.
  6579 | D:6      | Found a shimmering altar of Xom.
  6581 | D:6      | Found a shattered altar of Ashenzari.
  6583 | D:6      | Found an iron altar of Okawaru.
  7125 | D:7      | Reached XP level 9. HP: 75/81 MP: 8/8
  7179 | D:7      | Noticed a two-headed ogre
  7195 | D:7      | Killed a two-headed ogre
  7195 | D:7      | Reached skill level 12 in Maces & Flails
  7195 | D:7      | Reached skill level 5 in Armour
  7352 | D:7      | Noticed Duvessa
  7358 | D:7      | Noticed Dowan
  7361 | D:7      | Reached **** piety under Trog
  7364 | D:7      | Killed Duvessa
  7374 | D:7      | Killed Dowan
  7374 | D:7      | Reached skill level 13 in Maces & Flails
  7481 | D:7      | Found Sali's Food Shoppe.
  7754 | D:8      | Noticed Grum
  7772 | D:8      | Killed Grum
  8032 | D:8      | Reached XP level 10. HP: 91/91 MP: 9/9
  8061 | D:8      | Noticed BakaWarrior999's ghost (novice MiFi)
  8074 | D:8      | Killed BakaWarrior999's ghost
  8401 | D:8      | Found a deep blue altar of Sif Muna.
  8526 | D:8      | Identified Sif Muna's Almanac of Bewitchment
  8751 | D:8      | Reached skill level 1 in Throwing
  9390 | D:9      | Reached skill level 14 in Maces & Flails
  9626 | D:9      | Found a staircase to the Lair.
 10620 | D:10     | Entered Level 10 of the Dungeon
 10814 | D:10     | Reached ***** piety under Trog
 10854 | D:10     | Reached skill level 10 in Fighting
 10948 | D:10     | Reached XP level 11. HP: 99/99 MP: 10/10
 11128 | D:10     | Noticed ANON1729's ghost (journeyman MiBe)
 11136 | D:10     | Received a gift from Trog
 11157 | D:10     | Killed ANON1729's ghost
 11157 | D:10     | Reached skill level 10 in Armour
 11524 | D:11     | Gained mutation: You are surrounded by a mild repulsion field. (EV +2) [mutagenic meat]
 11525 | D:11     | Gained mutation: You are robust. (+10% HP) [mutagenic meat]
 11526 | D:11     | Gained mutation: You are agile. (Dex +2) [mutagenic meat]
 11971 | D:11     | Noticed a two-headed ogre
 11978 | D:11     | Killed a two-headed ogre
 12137 | D:11     | Reached skill level 5 in Dodging
 12443 | D:11     | Got a crude ring mail
 12454 | D:11     | Identified the cursed +0 ring mail of Untruth {*Corrode Regen+ Dex+3 Stlth+} (You found it on level 11 of the Dungeon)
 12526 | D:11     | Found a staircase to the Orcish Mines.
 12533 | D:11     | Reached skill level 1 in Evocations
 12544 | D:11     | Reached skill level 15 in Maces & Flails
 12671 | D:11     | Noticed a two-headed ogre
 12677 | D:11     | Killed a two-headed ogre
 12742 | Lair:1   | Entered Level 1 of the Lair of Beasts
 13281 | Lair:1   | Reached XP level 12. HP: 111/121 MP: 11/11
 13297 | Lair:1   | Found a dark tunnel.
 13346 | Volcano  | Entered a volcano
 13429 | Volcano  | Reached skill level 1 in Shields
 13538 | Volcano  | Reached skill level 16 in Maces & Flails
 13618 | Volcano  | Received a gift from Trog
 14358 | Lair:2   | Noticed a six-headed hydra
 14381 | Lair:2   | Killed a six-headed hydra
 15074 | Lair:2   | Found a staircase to the Snake Pit.
 15131 | Lair:2   | Noticed Urug
 15143 | Lair:2   | Killed Urug
 15448 | Lair:2   | Noticed a seven-headed hydra
 15463 | Lair:2   | Killed a seven-headed hydra
 15463 | Lair:2   | Reached XP level 13. HP: 93/130 MP: 13/13
 15765 | Lair:3   | Got an encrusted hunting sling
 15771 | Lair:3   | Identified the +10 hunting sling "Vira" {venom, rC+} (You found it on level 3 of the Lair of Beasts)
 15792 | Lair:3   | Found a staircase to the Swamp.
 16047 | Lair:3   | Received a gift from Trog
 16498 | Swamp:1  | Entered Level 1 of the Swamp
 16547 | Swamp:1  | Noticed Frances
 16567 | Swamp:1  | Lost intelligence.
 16567 | Swamp:1  | Gained mutation: You are dopey. (Int -2) [a neqoxec]
 16572 | Swamp:1  | HP: 6/201 [sun demon[Frances] (14)]
 16572 | Swamp:1  | HP: 1/201 [neqoxec[Frances] (5)]
 16573 | Swamp:1  | Mangled by Frances

Skill      XL: |  1  2  3  4  5  6  7  8  9 10 11 12 13 |
---------------+----------------------------------------+-----
Maces & Flails | 4 5 6 7 9 11 13 14 15 16 | 16.5
Fighting       | 4 5 6 7 8 9 10 11 12 13 | 13.2
Armour         | 4 6 9 11 12 | 12.4
Throwing       | 2 |  2.9
Dodging        | 3 6 8 |  8.4
Evocations     | 1 |  1.5
Shields        | 3 |  3.7
Slings         | |  0.9

Action                   |  1- 3 |  4- 6 |  7- 9 | 10-12 | 13-15 || total
-------------------------+-------+-------+-------+-------+-------++-------
Melee: Mace              |   114 |    39 |       |       |       ||   153
       Headbutt          |     9 |    11 |    44 |   153 |    12 ||   229
       Flail             |       |    53 |   255 |   224 |       ||   532
       Eveningstar       |       |       |       |   389 |    55 ||   444
 Fire: Hunting sling     |       |       |       |       |     4 ||     4
Throw: Stone             |       |       |       |    26 |       ||    26
       Tomahawk          |       |       |       |     5 |       ||     5
       Javelin           |       |       |       |     8 |    24 ||    32
Invok: Berserk           |     1 |     1 |     5 |     3 |       ||    10
       Trog's Hand       |       |     4 |       |     3 |     1 ||     8
       Brothers in Arms  |       |       |       |     6 |     1 ||     7
       Burn Spellbooks   |       |       |       |     2 |       ||     2
Evoke: Wand              |       |       |       |     7 |     4 ||    11
       Lamp of fire      |       |       |       |       |     1 ||     1
       Lightning rod     |       |       |       |       |     1 ||     1
  Use: Scroll            |     5 |     7 |     5 |     9 |     4 ||    30
       Potion            |       |     5 |     1 |    11 |     2 ||    19
  Eat: Chunk             |     5 |     5 |     9 |    20 |     4 ||    43
       Bread ration      |       |     1 |     3 |     5 |       ||     9
Armor: Chain mail        |    38 |    56 |    48 |       |       ||   142
       Animal skin       |     2 |       |       |       |       ||     2
       Plate armour      |       |       |    35 |   289 |    29 ||   353
       Skin              |       |       |       |       |     6 ||     6
Dodge: Dodged            |    55 |    33 |    54 |   164 |    16 ||   322
Block: Shield            |       |       |       |    75 |    21 ||    96
